 Dungeon Crawl Stone Soup version 0.29-a0-416-g83a48905f1 (webtiles) character file.

Game seed: 7878218848423427406

260 happo123 the Ruffian (level 5, -8/53 HPs)
             Began as a Troll Berserker on May 16, 2022.
             Was a Believer of Trog.
             Killed from afar by an orc wizard (13 damage)
             ... with a puff of flame
             ... on level 4 of the Dungeon.
             The game lasted 00:06:06 (2552 turns).

happo123 the Ruffian (Troll Berserker)              Turns: 2552, Time: 00:06:06

Health: -8/53      AC:  4    Str: 27    XL:     5   Next: 95%
Magic:  4/4        EV: 10    Int:  3    God:    Trog [**....]
Gold:   111        SH:  0    Dex:  9    Spells: 4/4 levels left

rFire   . . .      SeeInvis .     - Unarmed
rCold   . . .      Faith    .   (no shield)
rNeg    . . .      Spirit   .   a - +0 animal skin
rPois   .          Reflect  .   (helmet restricted)
rElec   .          Harm     .   (no cloak)
rCorr   .          Rampage  .   (gloves unavailable)
Will    .....                   (boots unavailable)
Stlth   +.........              (no amulet)
HPRegen 0.97/turn               (no ring)
MPRegen 0.09/turn               (no ring)

@: on berserk cooldown, slowed, very slow
A: large, unfitting armour, claws 3, regeneration 1, shaggy fur 1, tough skin 1
a: Renounce Religion, Berserk, Trog's Hand


You were on level 4 of the Dungeon.
You worshipped Trog.
Trog was pleased with you.
You visited 1 branch of the dungeon, and saw 4 of its levels.

You collected 111 gold pieces.

Inventory:

Armour
 a - a +0 animal skin (worn)
Jewellery
 l - a ring of protection from cold
Scrolls
 d - a scroll of summoning {unknown}
 e - 2 scrolls of blinking {unknown}
 f - a scroll of vulnerability {unknown}
 i - a scroll of identify {unknown}
 m - 3 scrolls of teleportation {unknown}
 n - a scroll of amnesia {unknown}
Potions
 b - 3 potions of degeneration {unknown}
 c - 4 potions of curing {unknown}
 g - 2 potions of mutation {unknown}
 h - a potion of might {unknown}
 j - 2 potions of magic {unknown}
 k - a potion of brilliance {unknown}


   Skills:
 + Level 3.1 Fighting
 + Level 3.3 Dodging
 + Level 0.7 Stealth
 + Level 5.3 Unarmed Combat


You had 4 spell levels left.
You didn't know any spells.
Your spell library was empty.

Dungeon Overview and Level Annotations

Branches:
Dungeon (4/15)
 Temple: D:4-7

Altars:
Ashenzari


Innate Abilities, Weirdness & Mutations

You are too large for most types of armour.
You have claws for hands.
Your natural rate of healing is unusually fast.
You are covered in fur. (AC +1)
You have tough skin. (AC +1)


Message History

Reactivating autopickup.
You feel a bit more experienced. The orc hits you but does no damage.
The orc barely misses you.
You claw the quokka!
You kill the quokka!
Trog accepts your kill. The orc hits you with a +0 mace.
Deactivating autopickup; reactivate with Ctrl-A.
You miss something.
You hear some strange, mumbled words.
A magic dart appears from out of thin air!
The magic dart hits you. The orc misses you.
You scratch something. Something completely misses you.
The orc priest mumbles some strange prayers to Beogh against you.
Beogh smites you! The orc hits you with a +0 mace.
Something hits you but does no damage. The orc hits you but does no damage.
You barely miss something. Something hits you but does no damage.
The orc hits you with a +0 mace.
You completely miss something.
You hear some strange, mumbled words.
Something tries to affect you, but you resist.
The orc hits you with a +0 mace.
* * * LOW HITPOINT WARNING * * *
A goblin comes into view. It is wielding a +0 club.
The goblin shouts!
You closely miss something. Something hits you.
* * * LOW HITPOINT WARNING * * *
The orc hits you with a +0 mace.
* * * LOW HITPOINT WARNING * * *
Something hits you but does no damage. The orc hits you with a +0 mace.
* * * LOW HITPOINT WARNING * * *
You closely miss something. Something hits you.
* * * LOW HITPOINT WARNING * * *
The orc hits you with a +0 mace.
* * * LOW HITPOINT WARNING * * *
You claw something!
You hear some strange, mumbled words.
A puff of flame appears from out of thin air!
The puff of flame hits you!
You die...

#..... #.... #... # ...
.# #.# .# ########.#..##
# ###.....[.<....#
....#####.†.######.##.##
#.).go{@o.#.# #.#
..#.#####...# #.#
##....$. ... ...#### #..
##### ####


You could see an orc priest, an orc and a goblin.

Vanquished Creatures
  A black bear (D:4)
  An iguana (D:4)
  An orc wizard (D:4)
  4 adders
  6 dart slugs
  An orc (D:4)
  6 endoplasms
  4 giant cockroaches
  4 goblins
  8 hobgoblins
  4 jackals (D:2)
  5 kobolds
  4 quokkas
  6 ball pythons
  7 bats
  A frilled lizard (D:3)
  6 rats
69 creatures vanquished.

Notes
Turn   | Place    | Note
-------+----------+-------------------------------------------
     0 | D:1      | happo123 the Troll Berserker began the quest for the Orb.
     0 | D:1      | Reached XP level 1. HP: 22/22 MP: 0/0
   147 | D:1      | Reached XP level 2. HP: 29/29 MP: 1/1
   155 | D:1      | You fall into a shaft and drop 1 floor!
   436 | D:1      | Reached XP level 3. HP: 36/36 MP: 2/2
   488 | D:1      | Reached ** piety under Trog
  1039 | D:2      | Found a broken altar of Ashenzari.
  1086 | D:2      | Reached skill level 4 in Unarmed Combat
  1670 | D:3      | Reached XP level 4. HP: 44/44 MP: 3/3
  2522 | D:4      | Noticed a black bear
  2530 | D:4      | Killed a black bear
  2531 | D:4      | Reached skill level 5 in Unarmed Combat
  2531 | D:4      | Reached XP level 5. HP: 53/53 MP: 4/4
  2552 | D:4      | Killed from afar by an orc wizard

Illustrated notes

Levels and vault maps discovered:
D:1:      giann_wishing_wells, layout_loops_corners
D:2:      layout_basic, basic_altar, hangedman_decor_clover_reticule
D:3:      layout_basic, minmay_goblin_kobold_house
D:4:      layout_loops_ring, minmay_misc_feat_rugged, kennysheep_big_empty_room,
          minmay_vboxes

Skill      XL: |  1  2  3  4 |
---------------+-------------+-----
Unarmed Combat | 4 5 |  5.3
Fighting       | 3 |  3.1
Dodging        | 3 |  3.3
Stealth        | |  0.7

Action                   |  1- 3 |  4- 6 || total
-------------------------+-------+-------++-------
Melee: Unarmed           |    75 |    59 ||   134
       Punch             |     3 |     1 ||     4
Invok: Berserk           |       |     1 ||     1
 Stab: Sleeping          |     1 |       ||     1
Armor: Animal skin       |    30 |    17 ||    47
Dodge: Dodged            |    37 |    30 ||    67

Table legend: (Time is in decaauts)
 A = Elapsed time spent in this place.
 B = Non-inter-level travel time spent in this place.
 C = Inter-level travel time spent in this place.
 D = Time resting spent in this place.
 E = Time spent auto-exploring this place.
 F = Levels seen in this place.
 G = Mean time per level.
                   A        B        C        D        E       F      G
               +--------+--------+--------+--------+--------+-----+--------+
         Total |   2543 |   2331 |    212 |      0 |   1935 |   4 |  635.8 |
       Dungeon |   2543 |   2331 |    212 |      0 |   1935 |   4 |  635.8 |
               +--------+--------+--------+--------+--------+-----+--------+

Top non-repeatable levels by time:
     D:1: 902 daAuts
     D:3: 848 daAuts
     D:2: 758 daAuts
     D:4: 34 daAuts
